 Dungeon Crawl Stone Soup version 0.32-a0-814-g0968bab981 (webtiles) character file.

Game seed: 2606823139950765048

134 runemasterragnar the Shooter (level 5, -18/40 HPs)
             Began as a Coglin Hunter on Mar 22, 2024.
             Demolished by an ogre
             ... wielding a +0 giant club
              (25 damage)
             ... on level 4 of the Dungeon.
             The game lasted 00:02:01 (2037 turns).

runemasterragnar the Shooter (Coglin Hunter)        Turns: 2037, Time: 00:02:02

Health: -18/40     AC:  5    Str: 11    XL:     5   Next: 17%
Magic:  5/5        EV: 11    Int:  8    God:
Gold:   203        SH:  0    Dex: 20    Spells: 4/4 levels left

rFire   . . .        a - +2 sling {Senakhtenre}
rCold   . . .        d - +0 sling {Noor}
rNeg    . . .        c - +0 leather armour
rPois   .            n - +0 helmet
rElec   .            (no cloak)
rCorr   .            (no gloves)
SInv    .            r - +0 pair of boots
Will    .....        (amulet unavailable)
Stlth   ++           (ring unavailable)
HPRegen 0.26/turn    (ring unavailable)
MPRegen 0.09/turn    (no gizmo)

%: no passive effects
@: revved
A: off-hand wielding, slow wielding, warmup strikes, no jewellery
a: Invent Gizmo


You were on level 4 of the Dungeon.
You visited 1 branch of the dungeon, and saw 4 of its levels.

You collected 203 gold pieces.

Inventory:

Hand Weapons
 a - a +2 sling (weapon) {Senakhtenre}
 d - a +0 sling (offhand) {Noor}
Armour
 c - a +0 leather armour (worn)
 n - a +0 helmet (worn)
 o - a +0 ring mail
 r - a +0 pair of boots (worn)
Scrolls
 b - a scroll of butterflies
 e - 2 scrolls of enchant armour {unknown}
 f - 3 scrolls of identify {unknown}
 i - a scroll of noise {unknown}
 j - a scroll of vulnerability {unknown}
 k - a scroll of summoning {unknown}
 l - a scroll of revelation {unknown}
 p - a scroll of blinking {unknown}
 q - a scroll of fear {unknown}
 s - a scroll of torment {unknown}
Potions
 g - a potion of mutation {unknown}
 h - a potion of might {unknown}
 m - a potion of cancellation {unknown}


   Skills:
 + Level 2.8 Fighting
 * Level 4.5 Ranged Weapons
 + Level 2.6 Dodging
 + Level 1.9 Stealth


You had 4 spell levels left.
You didn't know any spells.
Your spell library contained the following spells:

 Spells                   Type           Power      Damage    Failure   Level
 Sublimation of Blood     Necr           0%         N/A       65%         2
 Petrify                  Alch/Erth      0%         N/A       99%         4
 Irradiate                Conj/Alch      0%         3d11      100%        5


Dungeon Overview and Level Annotations

Branches:
Dungeon (4/15)
 Temple: D:4-7

Altars:


Innate Abilities, Weirdness & Mutations

You can wield a second weapon in your off-hand.
It takes a long time for you to wield or remove held weapons.
Your first few attacks do less damage.
You cannot equip rings or amulets.


Message History

You shoot a sling bullet.
The sling bullet barely misses the ogre.
You shoot a sling bullet. The sling bullet hits the ogre.
The ogre is moderately wounded.
The ogre hits you with a +0 giant club!!
Ouch! That really hurt!
You are too injured to fight recklessly!
Unknown command.
Unknown command.
Fire: a) +2 sling {Senakhtenre}
Press: ? - help, Q - select action Shift-Dir - straight line, f/p - ogre
Aim: an ogre, wielding a +0 giant club (moderately wounded, 78% to hit)
You shoot a sling bullet. The sling bullet hits the ogre.
The ogre is heavily wounded.
You shoot a sling bullet. The sling bullet hits the ogre.
The ogre is heavily wounded.
The ogre barely misses you.
Unknown command.
Fire: a) +2 sling {Senakhtenre}
Press: ? - help, Q - select action Shift-Dir - straight line, f/p - ogre
Aim: an ogre, wielding a +0 giant club (heavily wounded, 78% to hit)
You shoot a sling bullet.
The sling bullet barely misses the ogre.
You shoot a sling bullet.
The sling bullet barely misses the ogre.
The ogre hits you with a +0 giant club!
* * * LOW HITPOINT WARNING * * *
Okay, then.
Fire: a) +2 sling {Senakhtenre}
Press: ? - help, Q - select action Shift-Dir - straight line, f/p - ogre
Aim: an ogre, wielding a +0 giant club (heavily wounded, 78% to hit)
You shoot a sling bullet.
The sling bullet hits the ogre but does no damage.
The ogre is heavily wounded.
You shoot a sling bullet. The sling bullet hits the ogre!
The ogre is almost dead.
The ogre hits you with a +0 giant club!!
Ouch! That really hurt!
You die...

#. #) . .. .. #.#...
#...... ......#
##############O.....#
#............@.$....#
#.##.........#......#
#.#...(......##.....#
#.##.........# #....#
#.##.........# ....#
#.##.##†###### ...#
#.##.##.# ..#
#.##.##.# ..#
#.##.##.#


You could see an ogre.

Vanquished Creatures
  2 bombardier beetles
  2 adders (D:2)
  A ribbon worm (D:2)
  7 endoplasms
  A giant cockroach (D:2)
  5 hobgoblins
  3 jackals (D:1)
  2 quokkas
  6 ball pythons
  4 bats
  3 frilled lizards
  5 goblins
  6 kobolds
  3 rats
50 creatures vanquished.

Notes
Turn   | Place    | Note
-------+----------+-------------------------------------------
     0 | D:1      | runemasterragnar the Coglin Hunter began the quest for the
                  | Orb.
     0 | D:1      | Reached XP level 1. HP: 16/16 MP: 1/1
   162 | D:1      | Reached skill level 1 in Stealth
   194 | D:1      | Reached XP level 2. HP: 22/22 MP: 2/2
   749 | D:1      | Reached skill level 4 in Ranged Weapons
   749 | D:1      | Reached XP level 3. HP: 27/27 MP: 3/3
  1256 | D:2      | Reached XP level 4. HP: 34/34 MP: 4/4
  1989 | D:4      | Reached XP level 5. HP: 40/40 MP: 5/5
  2031 | D:4      | Noticed an ogre
  2037 | D:4      | Demolished by an ogre

Illustrated notes

Levels and vault maps discovered:
D:1:      roderic_crop_circles_arrival_large, layout_basic
D:2:      layout_rooms, chequers_garden, kennysheep_minor_cross
D:3:      layout_loops_ring, nrook_campfire
D:4:      layout_basic, mainiacjoe_overflow_concentric_impassable,
          serial_forest, infiniplex_forest_zigzag_2,
          infiniplex_forest_clump_curved, infiniplex_forest_straight_2,
          infiniplex_forest_zigzag_2

Skill      XL: |  1  2 |
---------------+-------+-----
Stealth        | 1 |  1.9
Dodging        | 2 |  2.6
Ranged Weapons | 4 |  4.5
Fighting       | |  2.8

Action                     |  1- 3 |  4- 6 || total
---------------------------+-------+-------++-------
   Fire: Sling             |   156 |    62 ||   218
 Armour: Leather armour    |     9 |     4 ||    13
  Dodge: Dodged            |    16 |     4 ||    20

Table legend: (Time is in decaauts)
 A = Elapsed time spent in this place.
 B = Non-inter-level travel time spent in this place.
 C = Inter-level travel time spent in this place.
 D = Time resting spent in this place.
 E = Time spent auto-exploring this place.
 F = Levels seen in this place.
 G = Mean time per level.
                   A        B        C        D        E       F      G
               +--------+--------+--------+--------+--------+-----+--------+
         Total |   2062 |   1942 |    120 |      0 |   1680 |   4 |  515.5 |
       Dungeon |   2062 |   1942 |    120 |      0 |   1680 |   4 |  515.5 |
               +--------+--------+--------+--------+--------+-----+--------+

Top non-repeatable levels by time:
     D:1: 885 daAuts
     D:2: 570 daAuts
     D:3: 533 daAuts
     D:4: 73 daAuts
